 Dungeon Crawl Stone Soup version 0.25-a0-632-g7713895 (webtiles) character file.

Game seed: 10995020411217817289, levelgen mode: deterministic

57 BlueFish the Sneak (level 4, -2/43 HPs)
             Began as an Octopode Assassin on Mar 19, 2020.
             Slain by Terence
             ... wielding a +0 flail
              (8 damage)
             ... on level 2 of the Dungeon.
             The game lasted 00:02:32 (1024 turns).

BlueFish the Sneak (Octopode Assassin)              Turns: 1024, Time: 00:02:32

Health: -2/43      AC: 22    Str: 10    XL:     4   Next: 0%
Magic:  4/4        EV:  2    Int: 13    God:
Gold:   34         SH:  0    Dex: 19    Spells: 3/3 levels left

rFire    . . .     SeeInvis .   a - +3 dagger
rCold    . . .     Gourm    .   (no shield)
rNeg     + + +     Faith    .   (helmet currently unavailable)
rPois    +         Spirit   .   (no amulet)
rElec    .         Reflect  .   l - +5 ring of dexterity
rCorr    .         Harm     .   (no ring)
MR       .....     NoTele   +   (no ring)
Stlth    ++++......             (no ring)
HPRegen  0.14/turn              (no ring)
MPRegen  0.09/turn              (no ring)
                                (no ring)
                                (no ring)

@: tree-form
A: almost no armour, stealthy swim, (amphibious), 8 rings, (constrict 8)
a: no special abilities


You were on level 2 of the Dungeon.
You were not hungry.
You were a tree.
You visited 1 branch of the dungeon, and saw 2 of its levels.

You collected 34 gold pieces.

Inventory:

Hand Weapons
 a - a +3 dagger (weapon)
Missiles
 b - 8 poisoned darts (quivered)
 c - 2 curare-tipped darts
 k - 5 boomerangs
Jewellery
 l - a +5 ring of dexterity (left branch)
Scrolls
 f - a scroll of enchant weapon
 h - a scroll of remove curse
 m - a scroll of noise {unknown}
 n - a scroll of identify
Potions
 e - 2 potions of brilliance
 i - a potion of stabbing {unknown}
Comestibles
 d - 5 rations
 j - 2 chunks of flesh


   Skills:
 + Level 2.1 Fighting
 * Level 2.3 Short Blades
 * Level 2.3 Throwing
 * Level 1.2 Dodging
 * Level 6.8 Stealth


You had 3 spell levels left.
You didn't know any spells.
Your spell library was empty.

Dungeon Overview and Level Annotations

Branches:
Dungeon (2/15)

Altars:
Vehumet

Annotations:
D:2 Terence


Innate Abilities, Weirdness & Mutations

You cannot wear most types of armour.
You are very stealthy in the water. (Stealth+)
((You are amphibious.))
You can wear up to eight rings at the same time.
((You can use your tentacles to constrict eight enemies at once.))
((Your skin changes colour to match your surroundings (Stealth+).))
((Your rubbery body absorbs attacks. (AC +1, EV +1)))


Message History

You hit Terence but do no damage.
Terence is lightly wounded.
You constrict Terence, but do no damage.
Terence closely misses you.
You hit Terence but do no damage.
Terence is lightly wounded.
You constrict Terence, but do no damage.
Terence hits you with a +0 flail!
* * * LOW HITPOINT WARNING * * *
You hit Terence.
Terence is moderately wounded.
You constrict Terence, but do no damage.
Terence misses you.
You hit Terence but do no damage.
Terence is moderately wounded.
You constrict Terence. Terence closely misses you.
Really quaff the potion of lignification?
You turn into a tree.
Your roots penetrate the ground.
You lose your grip on Terence.
Terence hits you with a +0 flail!
You die...

#.. ..# ##.###.##
#...#...##### .._.....##.. ##
#...#$..##.# ##...
##.###..##.#############....#
#...#..[.....................
.......###.#.########...###.
..............)@♣...........#
%......#.#...###.##.#.#.#####
..##.###.#######.##.#.#....#
.##.## #.....(...##...#.##.#
# .#.#
##########.).#......####.#
##S #....#...#.#.#..#....# #
#.##.#...#.#.#..#<#..#
#.##.#...#...#..###..# ###
#.##.#..[#...........#


You could see Terence (berserk).

Vanquished Creatures
  3 adders (D:2)
  An ooze (D:2)
  A worm (D:2)
  A dart slug (D:1)
  A leopard gecko (D:2)
  3 goblins
  A hobgoblin (D:2)
  3 kobolds
  A quokka (D:2)
  3 bats
  3 frilled lizards
  3 rats (D:1)
24 creatures vanquished.

Notes
Turn   | Place    | Note
-------+----------+-------------------------------------------
     0 | D:1      | BlueFish the Octopode Assassin began the quest for the Orb.
     0 | D:1      | Reached XP level 1. HP: 14/14 MP: 1/1
   149 | D:1      | Reached XP level 2. HP: 5/19 MP: 2/2
   600 | D:2      | Reached skill level 6 in Stealth
   662 | D:2      | Reached XP level 3. HP: 24/24 MP: 3/3
   986 | D:2      | Found a radiant altar of Vehumet.
   992 | D:2      | Found a faded altar of an unknown god.
   994 | D:2      | Noticed Terence
  1013 | D:2      | Reached XP level 4. HP: 29/29 MP: 4/4
  1024 | D:2      | Slain by Terence

Levels and vault maps discovered:
D:1:      giann_horns, layout_rooms
D:2:      layout_basic, marbit_many_paths, vehumet_crystals,
          chequers_ecumenical_altar_simple, minivault_11,
          minmay_misc_feat_encased, uniq_terence

Skill      XL: |  1  2 |
---------------+-------+-----
Stealth        | 6 |  6.8
Fighting       | |  2.1
Short Blades   | |  2.3
Throwing       | |  2.3
Dodging        | |  1.2

Action                   |  1- 3 |  4- 6 || total
-------------------------+-------+-------++-------
Melee: Dagger            |    42 |     8 ||    50
       Constrict         |     8 |     1 ||     9
       Tentacles         |     2 |       ||     2
  Use: Scroll            |     5 |       ||     5
       Potion            |       |     1 ||     1
 Stab: Sleeping          |     9 |       ||     9
Armor: Skin              |     3 |       ||     3
Dodge: Dodged            |    11 |     7 ||    18

Table legend:
 A = Non-vault XP
 B = Vault XP
 C = Vault XP percentage of total XP
 D = Non-vault monster count
 E = Vault monster count
 F = Vault count percentage of total count
                 A         B        C        D         E       F
            +---------+---------+-------+---------+---------+-------
      Total |      82 |       0 |   0.0 |      24 |       0 |   0.0
            +---------+---------+-------+---------+---------+-------
        D:1 |      17 |       0 |   0.0 |      10 |       0 |   0.0
        D:2 |      65 |       0 |   0.0 |      14 |       0 |   0.0
            +---------+---------+-------+---------+---------+-------
